 Dungeon Crawl Stone Soup version 0.28.0 (webtiles) character file.

Game seed: 18162855075994355310

24 HallandMoats the Sneak (level 2, 0/19 HPs)
             Began as a Vampire Monk on Feb 7, 2022.
             Slain by a giant cockroach (1 damage)
             ... on level 1 of the Dungeon.
             The game lasted 00:01:17 (590 turns).

HallandMoats the Sneak (Vampire Monk)                Turns: 590, Time: 00:01:17

Health: 0/19       AC:  4    Str: 10    XL:     2   Next: 79%
Magic:  2/2        EV: 13    Int: 12    God:
Gold:   0          SH:  0    Dex: 16    Spells: 1/1 levels left

rFire   . . .      SeeInvis +     - Unarmed
rCold   + + .      Faith    .   (no shield)
rNeg    + + +      Spirit   .   d - +1 leather armour {Will+}
rPois   ∞          Reflect  .   (no helmet)
rElec   .          Harm     .   (no cloak)
rCorr   .          Rampage  .   (no gloves)
Will    +....                   (no boots)
Stlth   ++++......              (no amulet)
HPRegen 0.00/turn               (no ring)
MPRegen 0.08/turn               (no ring)

@: bloodless, inhibited regen
A: bloodless, fangs 3, see invisible, vampiric 1
a: Revivify


You were on level 1 of the Dungeon.
You visited 1 branch of the dungeon, and saw 1 of its levels.

Inventory:

Armour
 d - a +1 leather armour of willpower (worn)
Scrolls
 c - a scroll of enchant armour {unknown}
Potions
 b - 3 potions of flight {unknown}


   Skills:
 + Level 3.0 Fighting
 + Level 3.6 Dodging
 + Level 3.7 Stealth
 + Level 3.6 Unarmed Combat


You had one spell level left.
You didn't know any spells.
Your spell library was empty.

Dungeon Overview and Level Annotations

Branches:
Dungeon (1/15)

Altars:


Innate Abilities, Weirdness & Mutations

You do not regenerate when monsters are visible.
You are frail without blood (-20% HP).
You can heal yourself when you bite living creatures.
You are immune to poison.
You have razor-sharp teeth.
You have supernaturally acute eyesight. (SInv)
You are afflicted with vampirism.


Message History

The kobold is heavily wounded.
The frilled lizard closely misses you.
The kobold hits you with a +1 whip of distortion.
Space warps horribly around you!
Ouch! That really hurt!
* * * LOW HITPOINT WARNING * * *
The rat misses you.
You hit the frilled lizard.
You kill the frilled lizard!
You closely miss the rat. The rat bites you.
* * * LOW HITPOINT WARNING * * *
You closely miss the rat. The rat closely misses you.
You barely miss the rat. The rat bites you but does no damage.
You punch the rat!
You kill the rat!
The giant cockroach bites you.
* * * LOW HITPOINT WARNING * * *
You completely miss the giant cockroach.
You punch the giant cockroach, but do no damage.
The giant cockroach completely misses you.
You punch the kobold!
You kill the kobold!
The giant cockroach misses you.
You swing at nothing.
The giant cockroach bites you but does no damage.
You swing at nothing.
The giant cockroach closely misses you.
You hit the giant cockroach.
The giant cockroach is moderately wounded.
The giant cockroach bites you but does no damage.
You barely miss the giant cockroach.
The giant cockroach is moderately wounded.
The giant cockroach barely misses you.
The giant cockroach bites you but does no damage.
You hit the giant cockroach.
The giant cockroach is almost dead.
The giant cockroach closely misses you.
You hit the giant cockroach but do no damage.
The giant cockroach is almost dead.
The giant cockroach bites you.
You die...

.....# #........# .....#
#........# #....#
#........##### ....##
#........... ..).# #
#..#)#......
....##.#######.#.#......
...†......[..$..........
....##########.#)#######
.........#####.#@#####
......#.....##.B....[#
##.##.......##.......#
#...#.##.##.##.......#
.)....#...#..#.......#
#....................#
##...#....#.##.......#
...#..†..##.##..>....#
#.....#.....##.....).#


You could see a giant cockroach.

Vanquished Creatures
  A dart slug (D:1)
  4 endoplasms (D:1)
  2 hobgoblins (D:1)
  3 kobolds (D:1)
  3 frilled lizards (D:1)
  4 goblins (D:1)
  3 rats (D:1)
20 creatures vanquished.

Notes
Turn   | Place    | Note
-------+----------+-------------------------------------------
     0 | D:1      | HallandMoats the Vampire Monk began the quest for the Orb.
     0 | D:1      | Reached XP level 1. HP: 17/17 MP: 1/1
   400 | D:1      | Reached XP level 2. HP: 18/18 MP: 2/2
   590 | D:1      | Slain by a giant cockroach

Illustrated notes

Levels and vault maps discovered:
D:1:      nagdon_arrival_zigzag_paths, layout_basic, basic_ecumenical_altar,
          hangedman_decor_clover_reticule, minmay_misc_feat_roman

Skill      XL: |  1  2 |
---------------+-------+-----
Fighting       | 3 |  3.0
Dodging        | |  3.6
Stealth        | |  3.7
Unarmed Combat | |  3.6

Action                   || total
-------------------------++-------
Melee: Unarmed           ||    58
       Bite              ||     3
       Punch             ||     1
 Abil: Exsanguinate      ||     1
 Stab: Sleeping          ||     7
Armor: Leather armour    ||     6
       Robe              ||     2
Dodge: Dodged            ||    37
